 Dungeon Crawl Stone Soup version 0.30-a0-867-g305f33218d (webtiles) character file.

Game seed: 2465325849719059930

321 Firecrotchwizard the Poker (level 6, -2/50 HPs)
             Began as a Demonspawn Fighter on Mar 11, 2023.
             Slain by a gnoll
             ... wielding a +0 halberd
             ... led by a gnoll bouda
              (11 damage)
             ... on level 4 of the Dungeon.
             The game lasted 00:05:26 (2889 turns).

Firecrotchwizard the Poker (Demonspawn Fighter)     Turns: 2889, Time: 00:05:26

Health: -2/50      AC:  7    Str: 25    XL:     6   Next: 22%
Magic:  6/6        EV:  9    Int:  9    God:
Gold:   173        SH:  9    Dex: 12    Spells: 5/5 levels left

rFire   . . .      SeeInvis .    a - +0 trident
rCold   . . .      Faith    .    c - +0 buckler
rNeg    + . .      Spirit   .    b - +0 scale mail
rPois   .          Reflect  +    (no helmet)
rElec   .          Rampage  .    n - scarf {+Inv}
rCorr   .                        (no gloves)
Will    .....                    (no boots) Stlth
                                 k - amulet of reflection
HPRegen 0.28/turn                g - +6 ring of strength
MPRegen 0.10/turn                N - ring of positive energy {rN+}

@: no status effects
A: rugged brown scales 1, powered by death 1, powered by pain 1
a: Evoke Invisibility


You were on level 4 of the Dungeon.
You visited 1 branch of the dungeon, and saw 4 of its levels.

You collected 173 gold pieces.

Inventory:

Hand Weapons
 a - a +0 trident (weapon)
Missiles
 s - 12 stones (quivered)
 u - 4 poisoned darts
Armour
 b - a +0 scale mail (worn)
 c - a +0 buckler (worn)
 n - a scarf of invisibility (worn)
   (You found it on level 3 of the Dungeon)
Magical Staves
 o - a staff of poison {rPois}
   (You found it on level 3 of the Dungeon)
Jewellery
 g - a +6 ring of strength (left hand)
   (You found it on level 1 of the Dungeon)
 k - an amulet of reflection (around neck)
   (You found it on level 1 of the Dungeon)
 N - a ring of positive energy (right hand) {rN+}
   (You found it on level 3 of the Dungeon)
Wands
 q - a wand of flame (14)
   (You found it on level 2 of the Dungeon)
Scrolls
 d - a scroll of immolation {unknown}
 f - 2 scrolls of fog {unknown}
 h - 3 scrolls of teleportation {unknown}
 l - 4 scrolls of identify {unknown}
 m - a scroll of poison {unknown}
 p - a scroll of enchant armour {unknown}
 r - a scroll of magic mapping {unknown}
 t - a scroll of brand weapon {unknown}
Potions
 e - a potion of cancellation {unknown}
 i - a potion of heal wounds {unknown}
 j - 2 potions of mutation {unknown}
 v - a potion of attraction {unknown}
 w - 2 potions of brilliance {unknown}
 J - 3 potions of curing {@q1}
 M - 2 potions of might


   Skills:
 + Level 4.6 Fighting
 * Level 5.0 Polearms
 - Level 2.7 Armour
 - Level 2.7 Shields


You had 5 spell levels left.
You didn't know any spells.
Your spell library contained the following spells:

 Spells                   Type           Power      Damage    Failure   Level
 Shock                    Conj/Air       0%         1d3       78%         1
 Poisonous Vapours        Pois/Air       0%         N/A       89%         2
 Stone Arrow              Conj/Erth      0%         3d7       98%         3
 Swiftness                Air            0%         N/A       98%         3
 Airstrike                Air            0%         2d(0-16)  100%        4
 Iron Shot                Conj/Erth      0%         9d1       100%        6
 Maxwell's Capacitive Co  Air            0%         ∞         100%        8


Dungeon Overview and Level Annotations

Branches:
Dungeon (4/15)
 Temple: D:4-7

Altars:
Qazlal

Shops:
D:1 *


Innate Abilities, Weirdness & Mutations

You are partially covered in rugged brown scales. (AC +1, +3% HP)
You regenerate a little health from kills.
You sometimes gain a little power by taking damage.


Message History

You are too injured to fight recklessly!
You are too injured to fight recklessly!
You are too injured to fight recklessly!
You are too injured to fight recklessly!
You are too injured to fight recklessly!
You are too injured to fight recklessly!
You are too injured to fight recklessly!
You are too injured to fight recklessly!
You are too injured to fight recklessly!
You are too injured to fight recklessly!
You are too injured to fight recklessly!
You closely miss the gnoll. The gnoll barely misses you.
You hit the gnoll but do no damage.
Your attacks no longer feel as feeble.
You block the gnoll's attack.
You closely miss the gnoll. The gnoll hits you with a +4 whip.
You hit the gnoll but do no damage. You block the gnoll's attack.
You hit the gnoll but do no damage. You block the gnoll's attack.
The gnoll bouda calls upon its god to heal the gnoll.
The gnoll is healed somewhat.
You closely miss the gnoll. The gnoll hits you but does no damage.
You barely miss the gnoll. The gnoll hits you with a +4 whip.
The gnoll bouda calls upon its god to heal the gnoll.
The gnoll's wounds heal themselves!
You take 1 damage, and have 31/43 hp.
You puncture the gnoll!
You kill the gnoll!
You have reached level 6!
Your demonic ancestry asserts itself...
Rugged brown scales grow over part of your body.
MP restored: 6 You closely miss the gnoll bouda.
The gnoll bouda barely misses you.
You regained 2 hp, and now have 34/50 hp.
You hit the gnoll bouda but do no damage.
The gnoll bouda hits you with a +0 club.
You hit the gnoll bouda but do no damage.
The gnoll is no longer moving quickly. x2; You block the gnoll bouda's attack.
You regained 2 hp, and now have 36/50 hp.
You hit the gnoll bouda.
The gnoll is no longer moving quickly.
The gnoll bouda barely misses you.
The gnoll bouda hits you with a +0 club.
You take 3 damage, and have 33/50 hp.
You puncture the gnoll bouda!
The gnoll bouda barks out a call to the hunt!
The gnolls pick up the pace!
You puncture the gnoll bouda!
You kill the gnoll bouda!
The gnoll hits you with a +0 club.
The gnoll hits you from afar with a +0 halberd!
You take 9 damage, and have 24/50 hp.
You closely miss the gnoll. You block the gnoll's attack.
The gnoll hits you but does no damage.
You hit the gnoll. The gnoll barely misses you.
The gnoll hits you from afar with a +0 halberd.
You take 4 damage, and have 21/50 hp.
You hit the gnoll. You block the gnoll's attack.
The gnoll hits you from afar with a +0 halberd.
You hit the gnoll but do no damage. The gnoll hits you with a +0 club.
You block the gnoll's attack.
You take 4 damage, and have 17/50 hp.
You puncture the gnoll!
You kill the gnoll!
The gnoll closely misses you.
Reach: a) +0 trident
Aim: a gnoll, wielding a +0 halberd (covering ground quickly, about 36% to evade your +0 trident)
You reach to attack!
You puncture the gnoll!
The gnoll hits you from afar with a +0 halberd!
* * * LOW HITPOINT WARNING * * *
You take 7 damage, and have 10/50 hp.
Reach: a) +0 trident
Aim: a gnoll, wielding a +0 halberd (severely wounded, covering ground quickly, about 36% to evade your +0 trident)
You reach to attack!
You hit the gnoll. The gnoll barely misses you.
Reach: a) +0 trident
Aim: a gnoll, wielding a +0 halberd (severely wounded, covering ground quickly, about 36% to evade your +0 trident)
You reach to attack!
You hit the gnoll. The gnoll barely misses you.
Reach: a) +0 trident
Aim: a gnoll, wielding a +0 halberd (almost dead, covering ground quickly, about 36% to evade your +0 trident)
You reach to attack!
You puncture the gnoll!
You kill the gnoll!
Your Polearms skill increases to level 5!
Reach: a) +0 trident
Aim: a gnoll, wielding a +0 halberd (covering ground quickly, about 36% to evade your +0 trident)
You reach to attack!
You closely miss the gnoll. The gnoll hits you but does no damage.
Reach: a) +0 trident
Aim: a gnoll, wielding a +0 halberd (covering ground quickly, about 36% to evade your +0 trident)
You reach to attack!
You closely miss the gnoll. The gnoll barely misses you.
Reach: a) +0 trident
Aim: a gnoll, wielding a +0 halberd (covering ground quickly, about 36% to evade your +0 trident)
You reach to attack!
You barely miss the gnoll. The gnoll closely misses you.
Reach: a) +0 trident
Aim: a gnoll, wielding a +0 halberd (covering ground quickly, about 36% to evade your +0 trident)
You reach to attack!
You hit the gnoll. The gnoll barely misses you.
Reach: a) +0 trident
Aim: a gnoll, wielding a +0 halberd (heavily wounded, covering ground quickly, about 36% to evade your +0 trident)
You reach to attack!
You barely miss the gnoll.
The gnoll hits you from afar with a +0 halberd.
* * * LOW HITPOINT WARNING * * *
The gnoll hits you from afar with a +0 halberd!
You die...

#.......###.##
#..
#.......###..#
#..
#........###.##
##.
#.........##..#
#.
#.........###.#
## #.........#
#.##
##.......##
#..# ##......#
##.# #....###
#@## ##..##
##)# ####
#####g##
####...#(.##
#....))....#
...g.......#
...........#
....g......#
.(..........#


You could see a gnoll (swift).

Vanquished Creatures
  Blork the orc (D:4)
  A gnoll bouda (D:4)
  Natasha (thrice) (D:2)
  4 gnolls (D:4)
  4 adders
  2 worms
  2 dart slugs
  3 orcs (D:3)
  6 ball pythons
  9 bats
  2 endoplasms (D:1)
  3 giant cockroaches
  5 goblins
  5 hobgoblins
  7 jackals
  A quokka (D:4)
  3 frilled lizards
  4 kobolds
  3 rats
68 creatures vanquished.

Notes
Turn   | Place    | Note
-------+----------+-------------------------------------------
     0 | D:1      | Firecrotchwizard the Demonspawn Fighter began the quest for
                  | the Orb.
     0 | D:1      | Reached XP level 1. HP: 18/18 MP: 1/1
    65 | D:1      | Reached skill level 2 in Polearms
   146 | D:1      | Gained mutation: You regenerate a little health from kills.
                  | [demonic ancestry]
   146 | D:1      | Reached XP level 2. HP: 17/24 MP: 2/2
   320 | D:1      | Found Rusie's General Store.
   724 | D:2      | Gained mutation: You sometimes gain a little power by
                  | taking damage. [demonic ancestry]
   724 | D:2      | Reached XP level 3. HP: 29/29 MP: 3/3
   960 | D:2      | Found a faded altar of an unknown god.
  1069 | D:2      | Got the Octavo of Aeromancy and the Volcano
  1181 | D:2      | Reached skill level 3 in Polearms
  1237 | D:2      | Noticed Natasha
  1240 | D:2      | Killed Natasha
  1372 | D:2      | Noticed Natasha
  1377 | D:2      | Killed Natasha
  1377 | D:2      | Noticed Natasha
  1378 | D:2      | Reached XP level 4. HP: 37/37 MP: 4/4
  1385 | D:2      | Killed Natasha
  1709 | D:3      | Reached skill level 4 in Fighting
  1853 | D:3      | Reached skill level 4 in Polearms
  1853 | D:3      | Reached XP level 5. HP: 42/42 MP: 5/5
  2411 | D:4      | Noticed Blork the orc
  2418 | D:4      | Killed Blork the orc
  2669 | D:4      | Found a stormy altar of Qazlal.
  2870 | D:4      | Gained mutation: You are partially covered in rugged brown
                  | scales. (AC +1, +3% HP) [demonic ancestry]
  2870 | D:4      | Reached XP level 6. HP: 32/50 MP: 6/6
  2881 | D:4      | HP: 10/50 [gnoll/+0 halberd[a gnoll bouda] (8)]
  2885 | D:4      | Reached skill level 5 in Polearms
  2889 | D:4      | HP: 9/50 [gnoll/+0 halberd[a gnoll bouda] (3)]
  2889 | D:4      | Slain by a gnoll

Illustrated notes

Levels and vault maps discovered:
D:1:      scummos_arrival_simple_crosswalls, layout_basic, serial_shops,
          nicolae_shop_waterfront
D:2:      layout_basic, hellmonk_ecumenical_altar_dog_temple, uniq_natasha
D:3:      layout_loops_cross
D:4:      layout_cave_pods, mainiacjoe_overflow_alcove_1, serial_shops,
          nicolae_lakefront_shop, uniq_blork_the_orc

Skill      XL: |  1  2  3  4  5  6 |
---------------+-------------------+-----
Polearms       | 2 3 4 5 |  5.0
Fighting       | 4 |  4.6
Armour         | |  2.7
Shields        | |  2.7

Action                     |  1- 3 |  4- 6 || total
---------------------------+-------+-------++-------
  Melee: Trident           |   134 |   113 ||   247
  Throw: Stone             |    12 |    14 ||    26
  Evoke: Wand              |       |     6 ||     6
    Use: Potion            |       |     1 ||     1
 Armour: Scale mail        |    52 |    20 ||    72
  Dodge: Dodged            |    62 |    36 ||    98
  Block: Buckler           |    55 |    44 ||    99
         Reflection        |     1 |     4 ||     5

Table legend: (Time is in decaauts)
 A = Elapsed time spent in this place.
 B = Non-inter-level travel time spent in this place.
 C = Inter-level travel time spent in this place.
 D = Time resting spent in this place.
 E = Time spent auto-exploring this place.
 F = Levels seen in this place.
 G = Mean time per level.
                   A        B        C        D        E       F      G
               +--------+--------+--------+--------+--------+-----+--------+
         Total |   2936 |   2843 |     93 |     33 |   2336 |   4 |  734.0 |
       Dungeon |   2936 |   2843 |     93 |     33 |   2336 |   4 |  734.0 |
               +--------+--------+--------+--------+--------+-----+--------+

Top non-repeatable levels by time:
     D:2: 996 daAuts
     D:1: 737 daAuts
     D:3: 653 daAuts
     D:4: 549 daAuts

Table legend:
 A = Kills in this place as a percentage of kills in the entire game.
 B = Kills by you in this place as a percentage of kills by you in the entire game.
 C = Kills by friends in this place as a percentage of kills by friends in the entire game.
 D = Other kills in this place as a percentage of other kills in the entire game.
 E = Experience gained in this place as a percentage of experience gained in the entire game.
 F = Experience gained in this place divided by the number of levels of this place that you have seen.
                   A       B       C       D       E      F
               +-------+-------+-------+-------+-------+----------------------
         Total | 100.0 | 100.0 |   N/A |   N/A | 100.0 | 114.8
       Dungeon | 100.0 | 100.0 |   N/A |   N/A | 100.0 | 114.8
               +-------+-------+-------+-------+-------+----------------------
